Unix NetHack Version 5.0.0-0 post-release - last build May 23 2026 06:08:33 (1c0ff79ee797540d5714e4e18072db0edd9e58ae,branch:main).

Game began 2026-05-23 14:16:50, ended 2026-05-23 14:36:15.

DaveT, lawful male human Priest

      ------
      |/+%.|
      |.*(.-### -------
      ------  # |.....-#
              ##-...>.|#
                |....{|#
                -------#
                      ##          -------
                      #           |.....|
                      #           |.....|
                      #        ###-.....|
                     ##        #  |.....|             --------# $ *
      ----           #-------- #  |....{|         ####...`....#r@a
      |..|           #.......| #  |....>.##########   |......-#
      |..|  ## *      |.......##  -------             |......|
      -...#*##########..<....|                        --------
                      --------

DaveT the Adept              St:15 Dx:9 Co:16 In:12 Wi:18 Ch:8  Lawful
Dlvl:4  $:2368 HP:0(55) Pw:95(97) AC:3  Xp:6 T:5204  Hungry   Burdened

Latest messages:
 In what direction do you want to dig? [ykunjb>] k
 You start digging.
 You hit the rock with all your might.
 The water nymph picks up 9 rocks.
 You stop digging.
 The water nymph pretends to be friendly.
 The water nymph pretends to be friendly.
 You continue digging.
 You hit the rock with all your might.
 You stop digging.
 The water nymph pretends to be friendly.
 The beautiful water nymph seduces you and you take off your robe.
 She stole a blessed +0 robe.
 The water nymph vanishes!
 What do you want to wield? [- asuJP or ?*] a
 a - a blessed corroded +1 mace (weapon in right hand).
 The wererat summons help!
 A rabid rat suddenly appears next to you!
 The wererat hits!
 You hit the wererat!
 The rabid rat misses!
 The wererat hits!
 The rabid rat bites!
 The wererat hits!
 You hit the wererat.
 The rabid rat bites!
 The wererat changes into a rat.
 The wererat misses!
 You miss the wererat.
 The rabid rat bites!
 The wererat bites!
 You hit the wererat.
 You knock the wererat back with a forceful blow!
 The rabid rat misses!
 The rabid rat bites!
 The wererat bites!
 You miss the wererat.
 The rabid rat misses!
 The wererat bites!
 You hit the wererat!
 The wererat turns to flee.
 The rabid rat just misses!
 You miss the rabid rat.
 The rabid rat bites!
 The rabid rat bites!
 You fail to cast the spell correctly.
 The rabid rat bites!
 You die...
 Do you want your possessions identified? [ynq] (y) y
 Do you want to see your attributes? [ynq] (y) q

Inventory:
 Coins    ('$')
  $ - 2368 gold pieces
 Weapons  (')')
  u - 8 +0 crossbow bolts
  s - 10 +0 orcish arrows
  P - 5 +0 daggers
  a - a blessed corroded +1 mace (weapon in right hand)
 Armor    ('[')
  c - a +0 small shield
  M - a +0 cloak of protection
  D - a +0 mummy wrapping
  L - a +0 plate mail (being worn)
 Comestibles  ('%')
  Q - a cream pie
  R - a food ration
  f - a sprig of wolfsbane
 Potions  ('!')
  K - a potion of levitation
  O - a potion of object detection
  H - 2 potions of speed
  d - 4 potions of holy water
 Rings    ('=')
  z - a ring of cold resistance
  t - a ring of regeneration
 Tools    ('(')
  j - a crystal ball (0:7)
  J - a +0 pick-axe
  F - a tallow candle
  N - a towel
  I - a wax candle
 Gems/Stones  ('*')
  p - a worthless piece of blue glass
  q - a worthless piece of yellow glass

DaveT the Priest's attributes:

Background:
 You were an Adept, a level 6 human Priest.
 You were lawful, on a mission for Anu
 who was opposed by Ishtar (neutral) and Anshar (chaotic).
 You were right-handed.
 You were in the Dungeons of Doom, on level 4.
 You entered the dungeon 5204 turns ago.
 You had 453 experience points, 187 more were needed to attain level 7.

Basics:
 You had 0 out of 55 hit points.
 You had 95 out of 97 energy points (spell power).
 Your armor class was 3.
 Your wallet contained 2368 zorkmids.
 Autopickup was off.

Final Characteristics:
 Your strength was 15 (limit:18/100).
 Your dexterity was 9 (limit:18).
 Your constitution was 16 (limit:18).
 Your intelligence was 12 (limit:18).
 Your wisdom was 18 (limit:18).
 Your charisma was 8 (limit:18).

Final Status:
 You were hungry.
 You were burdened; movement was slightly slowed.
 You were wielding a mace.
 You were skilled in mace.

Final Attributes:
 You were piously aligned.
 You were telepathic.
 You aggravated monsters.
 You were guarded.
 Your spell casting was impaired by metallic armor.
 You are dead.

Miscellaneous:
 You didn't encounter any bones levels.
 Total elapsed playing time was 19 minutes and 25 seconds.

Major events:
 Turn
    1: DaveT the lawful human Priest entered the dungeon
 1244: attained the rank of Acolyte (level 3)
 3614: entered the Gnomish Mines
 4038: attained the rank of Adept (level 6)
 5204: killed by a rabid rat

Spells:
 Name                 Level Category     Fail Retention
 healing                1   healing       40%   51%-75%
 create monster         2   clerical      58%   71%-80%
 force bolt             1   attack        58%  76%-100%

Skills:
 Fighting Skills
   bare handed combat [Unskilled]
 Weapon Skills
   club               [Unskilled]
   mace               [Skilled]
   morning star       [Unskilled]
   flail              [Unskilled]
   hammer             [Unskilled]
   quarterstaff       [Unskilled]
   polearms           [Unskilled]
   spear              [Unskilled]
   trident            [Unskilled]
   lance              [Unskilled]
   bow                [Unskilled]
   sling              [Unskilled]
   crossbow           [Unskilled]
   dart               [Unskilled]
   shuriken           [Unskilled]
   boomerang          [Unskilled]
   unicorn horn       [Unskilled]
 Spellcasting Skills
   healing spells     [Unskilled]
   divination spells  [Unskilled]
   clerical spells    [Basic]

Voluntary challenges:
 Character rerolling was not enabled.
 You never genocided any monsters.
 You never polymorphed an object.
 You never changed form.
 You used no wishes.
Achievements:
 You attained the rank of Acolyte.
 You entered the Gnomish Mines.
 You entered a shop.
 You attained the rank of Adept.

 The Dungeons of Doom: levels 1 to 6
    Level 1: "vault, door in stairs up"
       An altar to Anu, a fountain, a grave.
    Level 2:
       An altar, a fountain.
    Level 3: "vault, door in NW"
       A fountain.
    Level 4: "emptied vault" <- You were here.
       A general store, a fountain, a sink.
       Stairs down to The Gnomish Mines.
       Final resting place for
          you, killed by a rabid rat.
    Level 5: "vault"
       A sink.
    Level 6:
 The Gnomish Mines:
    Level 5:


Vanquished creatures:
  a small mimic
  2 dogs
  a wood nymph
  2 rock moles
  a pony
  a fog cloud
  a yellow light
  a shrieker
  3 gnome leaders
  a kobold mummy
  a little dog
  a floating eye
  a dwarf
  2 homunculi
  a rabid rat
  a giant bat
  2 werejackals
  2 iguanas
  4 coyotes
  3 cave spiders
  a yellow mold
  2 green molds
 10 gnomes
  2 garter snakes
  a gnome zombie
  a gecko
  6 jackals
  a fox
  a kobold
  2 goblins
  4 sewer rats
  9 grid bugs
  2 bats
  5 lichens
  a kobold zombie
  5 newts
85 creatures vanquished.

No species were genocided or became extinct.

Game over:
                       ----------
                      /          \
                     /    REST    \
                    /      IN      \
                   /     PEACE      \
                  /                  \
                  |      DaveT       |
                  |     2368 Au      |
                  |   killed by a    |
                  |    rabid rat     |
                  |                  |
                  |                  |
                  |       2026       |
                 *|     *  *  *      | *
        _________)/\\_//(\/(/\)/\//\/|_)_______

Goodbye DaveT the Priest...

You died in The Dungeons of Doom on dungeon level 4 with 4254 points,
and 2368 pieces of gold, after 5204 moves.
You were level 6 with a maximum of 55 hit points when you died.

